 Dungeon Crawl Stone Soup version 0.19.5 (webtiles) character file.

9795 Firecrotchwizard the Cleaver (level 11, 0/101 HPs)
             Began as a Minotaur Berserker on Apr 22, 2017.
             Was a High Priest of Trog.
             Succumbed to Sonja's poison
             ... on level 1 of the Lair of Beasts.
             The game lasted 00:29:30 (8329 turns).

Firecrotchwizard the Cleaver (Minotaur Berserker)   Turns: 8329, Time: 00:29:30

Health: 0/101      AC: 16    Str: 22    XL:     11   Next: 27%
Magic:  10/10      EV: 11    Int:  4    God:    Trog [*****.]
Gold:   664        SH:  0    Dex: 13    Spells: 0 memorised, 10 levels left

rFire  + . .     SeeInvis +     a - +2 battleaxe (elec)
rCold  . . .     Gourm    .     V - +0 plate armour
rNeg   . . .     Faith    .     (shield currently unavailable)
rPois  .         Spirit   .     (helmet restricted)
rElec  .         Reflect  .     (no cloak)
rCorr  .         Harm     .     (no gloves)
MR     .....                    p - +1 pair of boots
Stlth  ..........               E - amulet of regeneration {+regen, !d}
                                M - ring of see invisible {sInv, !d}
                                F - ring of protection from fire {rF+, !d}

@: lethally poisoned (0 -> -74), very slightly contaminated, hasted and slowed
A: retaliatory headbutt, horns 2
a: Berserk, Trog's Hand, Brothers in Arms, Burn Spellbooks, Renounce Religion


You were on level 1 of the Lair of Beasts.
You worshipped Trog.
Trog was extremely pleased with you.
You were hungry.

You visited 2 branches of the dungeon, and saw 11 of its levels.
You also visited: Sewer.

You collected 664 gold pieces.

Inventory:

Hand Weapons
 a - a +2 battleaxe of electrocution (weapon)
   (Trog gifted it to you on level 9 of the Dungeon)
 y - a +1 war axe
   (You found it on level 4 of the Dungeon)
Armour
 g - a +2 ring mail of magic resistance
   (You found it on level 1 of the Dungeon)
 p - a +1 pair of boots (worn)
   (You found it on level 3 of the Dungeon)
 D - a +0 troll leather armour {Purgy}
   (You found it in a sewer)
 V - a +0 plate armour (worn)
   (You took it off an orc warrior on level 9 of the Dungeon)
Jewellery
 e - an uncursed amulet of guardian spirit {Spirit}
   (You found it on level 1 of the Dungeon)
 k - a +4 ring of intelligence
   (You found it on level 1 of the Dungeon)
 E - an amulet of regeneration (around neck) {+regen, !d}
   (You found it on level 6 of the Dungeon)
 F - a ring of protection from fire (left hand) {rF+, !d}
   (You found it on level 8 of the Dungeon)
 L - an uncursed ring of flight {+Fly, !d}
   (You found it on level 5 of the Dungeon)
 M - a ring of see invisible (right hand) {sInv, !d}
   (You found it on level 5 of the Dungeon)
Wands
 b - a wand of slowing (31/48)
   (You found it on level 9 of the Dungeon)
 o - a wand of slowing (24/48)
   (You found it on level 8 of the Dungeon)
 s - a wand of iceblast (8/15)
   (You found it on level 3 of the Dungeon)
 K - a wand of random effects (18/48)
   (You found it on level 5 of the Dungeon)
 N - a wand of polymorph (15/24)
   (You found it on level 6 of the Dungeon)
Scrolls
 f - 2 scrolls of recharging
 h - 2 scrolls of random uselessness
 t - 6 scrolls of teleportation
 u - 6 scrolls of remove curse
 w - 2 scrolls of blinking {!r}
 x - 4 scrolls of enchant weapon
 A - 2 scrolls of fear
 I - a scroll of holy word {unknown}
 O - 4 scrolls of identify
Potions
 d - 2 potions of agility {unknown}
 i - 2 potions of cancellation {unknown}
 l - a potion of lignification {unknown}
 n - a potion of heal wounds
 q - 4 potions of flight
 v - 4 potions of might
 z - a potion of invisibility {unknown}
 C - a potion of berserk rage {unknown}
 G - 2 potions of magic {unknown}
 H - a potion of haste
Comestibles
 c - 5 bread rations {@e1}
 j - 4 royal jellies
 m - 2 meat rations {@e2}
 Q - 2 beef jerkies


   Skills:
 + Level 10.3 Fighting
 * Level 13.0 Axes
 + Level 10.0 Armour
 + Level 9.4 Dodging


You had 10 spell levels left.
You didn't know any spells.

Dungeon Overview and Level Annotations

Branches:
Dungeon (10/15)            Temple (0/1) D:7            Lair (1/6) D:8
    Orc (0/2) D:10

Altars:
Cheibriados
Gozag
Hepliaklqana
Makhleb
Okawaru
Qazlal
Trog
Xom
The Shining One

Shops:
D:6 }

Annotations:
Lair:1 Sonja


Innate Abilities, Weirdness & Mutations

You reflexively headbutt those who attack you in melee.
You have a pair of horns on your head.


Message History

You feel better.
You regained 10 hp, and now have 22/101 hp.
You feel much better.
You regained 21 hp, and now have 43/101 hp.
You are too injured to fight recklessly!
You are too injured to fight recklessly!
Sonja unwields an uncursed blowgun.
Sonja wields an uncursed dagger of venom.
It begins to drip with poison!
Sonja hits you but does no damage.
You are poisoned.
Sonja hits you but does no damage.
You are more poisoned.
Sonja misses you.
Sonja hits you with an uncursed dagger of venom.
Sonja hits you but does no damage.
You are more poisoned.
Sonja hits you but does no damage.
You are more poisoned.
You take 1 damage, and have 42/101 hp.
You miss Sonja. Your headbutt misses Sonja.
You feel very sick. Sonja hits you but does no damage.
You are more poisoned.
Sonja hits you but does no damage.
You are more poisoned.
Sonja hits you but does no damage.
You are lethally poisoned!
Sonja hits you but does no damage.
You are more poisoned.
Sonja hits you but does no damage.
You are more poisoned.
Sonja hits you but does no damage.
You are more poisoned.
You take 4 damage, and have 38/101 hp.
You miss Sonja. Your headbutt misses Sonja.
* * * LOW HITPOINT WARNING * * *
You feel extremely sick.
Sonja bows elegantly.
Sonja barely misses you. Sonja hits you but does no damage.
You are more poisoned.
Sonja barely misses you. Sonja hits you but does no damage.
You are more poisoned.
Sonja completely misses you. Sonja hits you but does no damage.
You are more poisoned.
You take 8 damage, and have 30/101 hp.
Unknown command.
Unknown command.
You miss Sonja.
* * * LOW HITPOINT WARNING * * *
You feel extremely sick. Sonja hits you but does no damage.
You are more poisoned.
Sonja hits you but does no damage.
You are more poisoned.
Sonja closely misses you. Sonja hits you but does no damage. x2
Sonja hits you with an uncursed dagger of venom.
* * * LOW HITPOINT WARNING * * *
You take 13 damage, and have 17/101 hp.
You barely miss Sonja. Your headbutt misses Sonja.
* * * LOW HITPOINT WARNING * * *
You feel extremely sick.
Sonja mumbles some strange words.
Sonja blinks!
Sonja casts a spell.
Sonja blinks!
You take 11 damage, and have 6/101 hp.
Unknown command.
Okay, then.
You feel much better.
* * * LOW HITPOINT WARNING * * *
You feel extremely sick.
Sonja gestures wildly while chanting.
Sonja blinks!
You regained 4 hp, and now have 10/101 hp.
You feel much better.
* * * LOW HITPOINT WARNING * * *
You feel extremely sick.
Sonja mumbles some strange words.
Sonja blinks!
You regained 12 hp, and now have 22/101 hp.
Your ogre goes berserk!
You are feeling hungry.
* * * LOW HITPOINT WARNING * * *
You feel extremely sick. Sonja completely misses you.
Sonja hits you but does no damage.
You are more poisoned.
Sonja hits you but does no damage.
You are more poisoned.
You take 8 damage, and have 14/101 hp.
You feel yourself speed up.
* * * LOW HITPOINT WARNING * * *
You feel extremely sick. Sonja barely misses you.
Sonja hits you but does no damage.
You are more poisoned.
Sonja hits you but does no damage. Sonja closely misses you.
Sonja barely misses you. Sonja hits you but does no damage.
You are more poisoned.
You are very lightly contaminated with residual magic.
You take 8 damage, and have 6/101 hp.
You die...

....# ..........#...
....#...8...8.......
...#.....>.....#...
#§.#...8...8...#...
...#..........#..#
#†...........#...#
#.#######O....#..##....##.
#......K.###.........###..
#........@..##.....###....
#............##...........
#.........................
#..#######................
#. #.......######### #
#.......#########
##.......##.....#.
#........#........
.....#.......##.....#.


You could see Sonja.

Vanquished Creatures
  The ghost of mainiacjoe the Nimble, a journeyman KoEE of Ashenzari (D:9)
  2 hill giants (D:10)
  A gargoyle (D:10)
  Psyche (D:8)
  The ghost of barney the Changer, a novice DrTm (D:5)
  A komodo dragon (D:8)
  Grinder (D:4)
  Prince Ribbit (D:8)
  A hippogriff (Lair:1)
  5 yaks (D:9)
  2 hungry ghosts (D:10)
  Grum (D:8)
  A steam dragon (D:8)
  Edmund (D:4)
  2 water moccasins
  A porcupine (Lair:1)
  Purgy (Sewer)
  2 orc warriors
  A hornet zombie (D:8)
  4 ice beasts
  An eye of draining (D:10)
  2 sky beasts
  2 wolves (D:8)
  8 ogres
  2 phantoms
  5 centaurs
  A crocodile (D:8)
  5 bullfrogs
  A gnoll sergeant (D:7)
  A wyvern zombie (D:10)
  A scorpion (D:7)
  A troll zombie (D:10)
  12 wights
  3 crimson imps
  A bullfrog zombie (D:8)
  4 hounds
  3 iron imps (D:6)
  A bullfrog skeleton (D:5)
  A jelly (D:7)
  3 orc priests
  Natasha (thrice) (D:3)
  4 iguanas
  3 orc wizards
  7 worker ants
  5 ogre zombies (D:10)
  A hound zombie (D:5)
  A hound skeleton (D:7)
  A howler monkey skeleton (D:9)
  9 adders
  7 gnolls
  2 shadow imps
  An ooze (D:1)
  An adder zombie (D:8)
  An adder skeleton (D:9)
  6 worms
  A dart slug (D:2)
  8 leopard geckos
  23 orcs
  10 bats
  10 giant cockroaches
  12 goblins
  8 hobgoblins
  3 jackals (D:3)
  4 quokkas
  4 ball pythons
  11 frilled lizards
  4 goblin zombies (D:10)
  2 hobgoblin zombies (D:10)
  A jackal zombie (D:9)
  7 kobolds
  3 orc skeletons (D:10)
  10 orc zombies (D:10)
  A quokka skeleton (D:5)
  6 rats
269 creatures vanquished.

Notes
Turn   | Place    | Note
-------+----------+-------------------------------------------
     0 | D:1      | Firecrotchwizard the Minotaur Berserker began the quest for the Orb.
     0 | D:1      | Reached XP level 1. HP: 19/19 MP: 0/0
    57 | D:1      | Reached XP level 2. HP: 24/27 MP: 1/1
   535 | D:1      | Reached skill level 4 in Fighting
   647 | D:1      | Reached skill level 4 in Axes
   656 | D:1      | Reached XP level 3. HP: 33/33 MP: 2/2
   718 | D:1      | Reached ** piety under Trog
  1072 | D:2      | Found a faded altar of an unknown god.
  1119 | D:2      | Reached skill level 3 in Armour
  1184 | D:2      | Reached XP level 4. HP: 41/41 MP: 3/3
  1258 | D:2      | Found a glowing golden altar of the Shining One.
  1342 | D:2      | Found a bloodstained altar of Trog.
  1343 | D:2      | Found an opulent altar of Gozag.
  1507 | D:3      | Noticed Natasha
  1514 | D:3      | Reached skill level 3 in Dodging
  1516 | D:3      | Killed Natasha
  1607 | D:3      | Noticed Natasha
  1614 | D:3      | Killed Natasha
  1624 | D:3      | Reached XP level 5. HP: 47/47 MP: 4/4
  1707 | D:3      | Noticed Natasha
  1716 | D:3      | Killed Natasha
  1716 | D:3      | Reached skill level 5 in Fighting
  1771 | D:3      | Reached *** piety under Trog
  1942 | D:3      | Noticed a water elemental
  1947 | D:3      | Found a stormy altar of Qazlal.
  1948 | D:3      | Noticed a fire elemental
  1948 | D:3      | Noticed an air elemental
  2159 | D:4      | Reached skill level 4 in Dodging
  2339 | D:4      | Noticed Edmund
  2353 | D:4      | Killed Edmund
  2353 | D:4      | Reached skill level 5 in Axes
  2353 | D:4      | Reached skill level 4 in Armour
  2353 | D:4      | Reached XP level 6. HP: 54/56 MP: 5/5
  2429 | D:4      | Noticed Grinder
  2429 | D:4      | Paralysed by Grinder for 3 turns
  2445 | D:4      | Killed Grinder
  2445 | D:4      | Reached skill level 6 in Axes
  2445 | D:4      | Reached XP level 7. HP: 50/62 MP: 6/6
  2549 | D:4      | Found a glowing drain.
  2561 | Sewer    | Entered a sewer
  2601 | Sewer    | Noticed Purgy
  2612 | Sewer    | Killed Purgy
  2853 | D:4      | Reached skill level 6 in Fighting
  2853 | D:4      | Reached skill level 5 in Armour
  2853 | D:4      | Reached skill level 5 in Dodging
  3106 | D:4      | Reached skill level 7 in Axes
  3180 | D:5      | Entered Level 5 of the Dungeon
  3250 | D:5      | Reached XP level 8. HP: 52/71 MP: 4/7
  3352 | D:5      | Noticed barney's ghost (novice DrTm)
  3364 | D:5      | Killed barney's ghost
  3418 | D:5      | Found a snail-covered altar of Cheibriados.
  3442 | D:5      | Reached skill level 8 in Axes
  3442 | D:5      | Reached skill level 6 in Armour
  3691 | D:5      | Reached **** piety under Trog
  3691 | D:5      | Reached skill level 7 in Fighting
  4160 | D:6      | Reached skill level 6 in Dodging
  4308 | D:6      | Found a hazy altar of Hepliaklqana.
  4441 | D:6      | Reached skill level 9 in Axes
  4454 | D:6      | Reached XP level 9. HP: 79/79 MP: 8/8
  4473 | D:6      | Found Lommunech's Gadget Boutique.
  4491 | D:6      | Found a burning altar of Makhleb.
  4510 | D:6      | Reached skill level 7 in Armour
  4833 | D:7      | You fall through a shaft for 3 floors!
  4833 | D:10     | Entered Level 10 of the Dungeon
  4833 | D:10     | Noticed a hill giant
  5144 | D:7      | Reached skill level 7 in Dodging
  5195 | D:7      | Found a shimmering altar of Xom.
  5228 | D:7      | Found a hazy altar of Hepliaklqana.
  5253 | D:7      | Found an iron altar of Okawaru.
  5272 | D:7      | Got a transparent spear
  5273 | D:7      | Identified the +6 spear of Satyriasis {freeze, MR- Str+4} (You found it on level 7 of the Dungeon)
  5291 | D:7      | Reached skill level 8 in Fighting
  5319 | D:7      | Reached skill level 10 in Axes
  5392 | D:7      | Found a staircase to the Ecumenical Temple.
  5699 | D:8      | Reached skill level 8 in Armour
  5865 | D:8      | Noticed Prince Ribbit
  5868 | D:8      | Reached ***** piety under Trog
  5871 | D:8      | Killed Prince Ribbit
  5917 | D:8      | Noticed Grum
  5922 | D:8      | Reached XP level 10. HP: 76/90 MP: 9/9
  5929 | D:8      | Killed Grum
  5929 | D:8      | Reached skill level 11 in Axes
  6137 | D:8      | Noticed Psyche
  6147 | D:8      | Killed Psyche
  6265 | D:8      | Reached skill level 8 in Dodging
  6410 | D:8      | Reached skill level 9 in Fighting
  6471 | D:8      | Found a staircase to the Lair.
  6951 | D:9      | Reached skill level 9 in Armour
  7076 | D:9      | Noticed mainiacjoe's ghost (journeyman KoEE)
  7115 | D:9      | Killed mainiacjoe's ghost
  7115 | D:9      | Reached skill level 12 in Axes
  7167 | D:9      | Received a gift from Trog
  7167 | D:9      | Reached skill level 9 in Dodging
  7292 | D:10     | Noticed a gargoyle
  7298 | D:10     | Killed a gargoyle
  7480 | D:10     | Found a staircase to the Orcish Mines.
  7500 | D:10     | Reached XP level 11. HP: 98/99 MP: 10/10
  7535 | D:10     | Reached skill level 10 in Fighting
  7605 | D:10     | Noticed a hill giant
  7612 | D:10     | Killed a hill giant
  7647 | D:10     | Killed a hill giant
  8212 | Lair:1   | Entered Level 1 of the Lair of Beasts
  8308 | Lair:1   | Noticed Sonja
  8311 | Lair:1   | Reached skill level 10 in Armour
  8315 | Lair:1   | Reached skill level 13 in Axes
  8316 | Lair:1   | HP: 19/101 [poisoned by Sonja]
  8323 | Lair:1   | HP: 19/101 [poisoned by Sonja]
  8324 | Lair:1   | HP: 6/101 [poisoned by Sonja]
  8329 | Lair:1   | Succumbed to Sonja's poison

Skill      XL: |  1  2  3  4  5  6  7  8  9 10 11 |
---------------+----------------------------------+-----
Fighting       | 4 5 6 7 8 9 10 | 10.3
Axes           | 4 5 6 7 9 10 12 13 | 13.0
Armour         | 3 4 5 6 8 9 10 | 10.0
Dodging        | 3 4 5 6 7 9 |  9.4

Action                   |  1- 3 |  4- 6 |  7- 9 | 10-12 || total
-------------------------+-------+-------+-------+-------++-------
Melee: Hand axe          |    70 |    86 |       |       ||   156
       Headbutt          |    12 |    21 |    60 |    50 ||   143
       War axe           |       |    22 |   291 |   144 ||   457
       Battleaxe         |       |       |       |   122 ||   122
Invok: Trog's Hand       |       |     2 |     1 |     1 ||     4
       Burn Spellbooks   |       |       |     2 |     1 ||     3
       Berserk           |       |       |     1 |       ||     1
       Brothers in Arms  |       |       |       |     1 ||     1
Evoke: Wand              |       |       |     2 |     4 ||     6
  Use: Scroll            |       |       |    18 |     1 ||    19
       Potion            |       |       |       |     5 ||     5
  Eat: Chunk             |     1 |     5 |     9 |     6 ||    21
       Fruit             |       |       |     4 |       ||     4
       Meat ration       |       |       |       |     1 ||     1
       Pizza             |       |       |       |     1 ||     1
Armor: Animal skin       |     3 |       |       |       ||     3
       Ring mail         |    14 |    37 |   110 |    21 ||   182
       Plate armour      |       |       |       |   114 ||   114
Dodge: Dodged            |    41 |    62 |   195 |   140 ||   438

Vault maps used:
D:1:      dpeg_arrival_radiant, st_stairs_2
D:2:      gammafunk_temple_overflow_pools, ecumenical_altar_1, tso_metal_star
D:3:      nicolae_qazlal_style_of_elements, uniq_natasha
D:4:      first_bread, gup_sewer_entry_pipe, serial_bayou_pond_c,
          hangedman_decor_riveting, uniq_grinder, uniq_edmund
D:5:      slow_altar_2, kennysheep_potato
D:6:      demons_altar, old_standard_altar, serial_shops,
          nicolae_shop_waterfront
D:7:      lemuel_round_altar, okawaru_ov_weapons_minmay,
          minmay_temple_entry_grid, basic_altar
D:8:      erik_lair_dragon, uniq_grum, uniq_prince_ribbit1, uniq_psyche
D:10:     zombieorc1_lemuel
Lair:1:   dragon1_lemuel, grunt_megastairs_2, uniq_sonja
Sewer:    sewer_co_purgy_island

Table legend:
 A = Turns spent in this place as a percentage of turns spent in the entire game.
 B = Non-inter-level travel turns spent in this place as a percentage of non-inter-level travel turns spent in the entire game.
 C = Inter-level travel turns spent in this place as a percentage of turns spent in this place.
 D = Turns resting spent in this place as a percentage of non-inter-level travel turns spent in this place.
 E = Turns spent auto-exploring this place as a percentage of non-inter-level travel turns spent in this place.
 F = Non-inter-level travel turns spent in this place divided by the number of levels of this place that you've seen.
                   A       B       C       D       E      F
               +-------+-------+-------+-------+-------+----------------------
         Total | 100.0 | 100.0 |   0.6 |   3.3 |  13.1 | 191.2
       Dungeon |  93.6 |  93.6 |   0.6 |   3.3 |  13.4 | 214.7
          Lair |   1.7 |   1.7 |   0.0 |   0.0 |  10.0 |  40.0
         Sewer |   4.6 |   4.7 |   0.0 |   3.7 |   8.4 | 107.0
               +-------+-------+-------+-------+-------+----------------------

Table legend:
 A = Kills in this place as a percentage of kills in entire the game.
 B = Kills by you in this place as a percentage of kills by you in the entire game.
 C = Kills by friends in this place as a percentage of kills by friends in the entire game.
 D = Other kills in this place as a percentage of other kills in the entire game.
 E = Experience gained in this place as a percentage of experience gained in the entire game.
 F = Experience gained in this place divided by the number of levels of this place that you have seen.
                   A       B       C       D       E      F
               +-------+-------+-------+-------+-------+----------------------
         Total | 100.0 | 100.0 |  -nan |  -nan | 100.0 | 1166.1
       Dungeon |  96.3 |  96.3 |  -nan |  -nan |  95.5 | 1336.3
          Lair |   1.1 |   1.1 |  -nan |  -nan |   3.5 | 486.0
         Sewer |   2.6 |   2.6 |  -nan |  -nan |   1.0 | 144.0
               +-------+-------+-------+-------+-------+----------------------
